 Dungeon Crawl Stone Soup version 0.27.0-1-g7a089689b8 (webtiles) character file.

Game seed: 10048761619701044198

63 snetch the Chopper (level 3, -11/51 HPs)
             Began as a Minotaur Berserker on Aug 7, 2021.
             Was a Believer of Trog.
             Mangled by an ogre (19 damage)
             ... on level 3 of the Dungeon.
             The game lasted 00:03:01 (1413 turns).

snetch the Chopper (Minotaur Berserker)             Turns: 1413, Time: 00:03:02

Health: -11/51     AC: 11    Str: 22    XL:     3   Next: 89%
Magic:  2/2        EV:  7    Int:  4    God:    Trog [**....]
Gold:   93         SH:  0    Dex:  9    Spells: 2/2 levels left

rFire    . . .     SeeInvis .   h - +0 flail
rCold    . . .     Faith    .   (no shield)
rNeg     . . .     Spirit   .   b - +0 plate armour
rPois    .         Reflect  .   (helmet restricted)
rElec    .         Harm     .   (no cloak)
rCorr    .         Rampage  .   (no gloves)
Will     .....                  (no boots)
Stlth    ..........             (no amulet)
HPRegen  0.17/turn              (no ring)
MPRegen  0.08/turn              (no ring)

@: berserking, very quick
A: horns 2, retaliatory headbutt
a: Renounce Religion, Berserk, Trog's Hand


You were on level 3 of the Dungeon.
You worshipped Trog.
Trog was pleased with you.
You visited 1 branch of the dungeon, and saw 3 of its levels.

You collected 93 gold pieces.

Inventory:

Hand Weapons
 a - a +0 hand axe
 h - a +0 flail (weapon)
Missiles
 d - 34 stones (quivered)
Armour
 b - a +0 plate armour (worn)
Scrolls
 g - 2 scrolls of teleportation {unknown}
Potions
 c - a potion of curing {unknown}
 e - a potion of resistance {unknown}
 f - a potion of lignification {unknown}
 i - a potion of degeneration {unknown}


   Skills:
 + Level 4.5 Fighting
 + Level 4.7 Axes
 + Level 2.7 Armour
 + Level 2.6 Dodging


You had 2 spell levels left.
You didn't know any spells.
Your spell library was empty.

Dungeon Overview and Level Annotations

Branches:
Dungeon (3/15)

Altars:


Innate Abilities, Weirdness & Mutations

You have a pair of horns on your head.
You reflexively headbutt those who attack you in melee.


Message History

Okay, then.
You now have 64 gold pieces (gained 3).
You now have 81 gold pieces (gained 17).
Items here: )))) [ ††††.
There is a stone staircase leading up here.
You climb upwards.
There is a stone staircase leading down here.
You open the door.
There is an open door here.
You open the door.
i - a sedimented ruby potion You now have 93 gold pieces (gained 12).
There is a stone staircase leading down here.
Found an escape hatch in the floor.
There is an escape hatch in the floor here.
You slide downwards.
The hatch slams shut behind you.
A worm and an ogre come into view.
The ogre shouts!
A goblin comes into view. It is wielding a +0 dagger.
Found 14 stones.
The goblin shouts!
You hit the worm but do no damage. You headbutt the worm!
The worm is heavily wounded.
You hit the worm. You headbutt the worm.
You kill the worm!
Trog accepts your kill.
You hit the ogre.
The ogre is lightly wounded.
The ogre hits you with a +0 giant club!
You hit the ogre.
The ogre is moderately wounded.
The ogre hits you but does no damage.
You barely miss the ogre.
The ogre is lightly wounded.
The ogre hits you with a +0 giant club!
* * * LOW HITPOINT WARNING * * *
A red film seems to cover your vision as you go berserk!
You feel yourself moving faster!
You feel mighty!
The ogre hits you with a +0 giant club!!
You die...

.# ####
#.### ....
....# ....
....# ####
##....# ..
###.....#..
###
#g..(...≈.≈
#O#......≈.
#@##.......
#.# ##.####
..# .# ##.#
# #.# #.#
#.# #.#


You could see an ogre and a goblin.

Vanquished Creatures
  A gnoll (D:1)
  A worm (D:3)
  4 orcs (D:3)
  3 ball pythons (D:1)
  4 endoplasms (D:1)
  9 goblins
  3 hobgoblins (D:1)
  2 jackals (D:2)
  3 kobolds (D:1)
  3 quokkas (D:1)
  A bat (D:1)
  4 frilled lizards
  4 rats
42 creatures vanquished.

Notes
Turn   | Place    | Note
-------+----------+-------------------------------------------
     0 | D:1      | snetch the Minotaur Berserker began the quest for the Orb.
     0 | D:1      | Reached XP level 1. HP: 19/19 MP: 0/0
    45 | D:1      | Reached XP level 2. HP: 6/27 MP: 1/1
   561 | D:1      | Reached XP level 3. HP: 33/33 MP: 2/2
   697 | D:1      | Reached ** piety under Trog
  1404 | D:3      | Noticed an ogre
  1413 | D:3      | Mangled by an ogre

Illustrated notes

Levels and vault maps discovered:
D:1:      giann_horns, layout_loops_ring, minmay_vboxes
D:2:      layout_basic
D:3:      layout_loops_ring, nicolae_ru_path_of_blood,
          grunt_temple_overflow_order_and_chaos_2,
          ebering_ecumenical_altar_webs, corexii_corridor_pit, uniq_grinder

Skill      XL: |  1 |
---------------+----+-----
Fighting       | 4 |  4.5
Axes           | 4 |  4.7
Armour         | |  2.7
Dodging        | |  2.6

Action                   || total
-------------------------++-------
Melee: Hand axe          ||    76
       Headbutt          ||    16
       Flail             ||    12
Invok: Berserk           ||     3
Armor: Animal skin       ||     4
       Scale mail        ||    12
       Plate armour      ||    13
Dodge: Dodged            ||    38
